AoeStats
← Oskar

Arena

509839351Analyzed
1v1 RM · 2d ago on Sep 28, 2026· 41m 29s· 2 players
Game mode
Random Map
Map size
Tiny (2 player)
Population
200
Speed
Normal
Resources
Standard
Victory
Conquest
Starting age
Dark Age
Ending age
Imperial Age
RankedLock teamsTeams togetherTeam positionsShared explorationLock speedFull tech treeHidden civsTurbo modeCheats
Victory
Defeat
🇹🇼 Franks · Taiwan
958
+16
🇳🇱 Mongols · Netherlands
966
-16
yhsien
10:45 Feudal Age
9:02 Loom
14:21 Castle Age
13:15 Double-Bit Axe
27:11 Gold Mining
33:15 Wheelbarrow
32:29 Town Watch
33:29 Scale Mail Armor
38:57 Imperial Age
37:22 Bow Saw
37:50 Gold Shaft Mining
38:01 Fletching
40:15 Conscription
Oskar
10:16 Feudal Age
11:05 Double-Bit Axe
15:40 Castle Age
14:10 Horse Collar
17:45 Man-at-Arms
18:29 Scale Mail Armor
19:21 Long Swordsman
20:40 Forging
23:32 Arson
30:04 Elite Skirmisher
32:57 Padded Archer Armor
32:47 Fletching
35:23 Thumb Ring
38:15 Nomads
43:45 Imperial Age
Connection lost

Rejoining the realm…

Still unreachable

The connection could not be restored.

Session expired

The server has moved on; the page needs a fresh start.